 Dungeon Crawl Stone Soup version 0.23-a0-137-gef0ad6d (webtiles) character file.

88 torrenera the Changer (level 4, -3/28 HPs)
             Began as an Octopode Transmuter on Aug 29, 2018.
             Slain by an orc
             ... wielding a +0 dagger
              (4 damage)
             ... on level 3 of the Dungeon.
             The game lasted 00:04:32 (2069 turns).

torrenera the Changer (Octopode Transmuter)         Turns: 2069, Time: 00:04:32

Health: -3/28      AC:  1    Str:  9    XL:     4   Next: 54%
Magic:  5/7        EV: 13    Int: 21    God:
Gold:   139        SH:  0    Dex: 10    Spells: 1/7 levels left

rFire    . . .     SeeInvis .     - Unarmed
rCold    . . .     Gourm    .   (no shield)
rNeg     . . .     Faith    .   (helmet restricted)
rPois    .         Spirit   .   (no amulet)
rElec    .         Reflect  .   (no ring)
rCorr    .         Harm     .   (no ring)
MR       .....     Clarity  +   (no ring)
Stlth    ++........             (no ring)
HPRegen  0.09/turn              (no ring)
MPRegen  0.10/turn              (no ring)
                                (no ring)
                                (no ring)

@: brilliant
A: almost no armour, stealthy swim, amphibious, 8 rings, constrict 8, camouflage
1, clarity, clumsy 1, gelatinous body 1, MP-powered wands
a: no special abilities


You were on level 3 of the Dungeon.
You were hungry.

You visited 1 branch of the dungeon, and saw 3 of its levels.

You collected 139 gold pieces.

Inventory:

Missiles
 a - 48 arrows
 g - 97 stones (quivered)
Armour
 i - a cursed +0 large shield
Scrolls
 e - 2 scrolls of identify {unknown}
 f - a scroll of random uselessness {unknown}
 k - a scroll of amnesia {unknown}
 m - a scroll of teleportation {unknown}
Potions
 b - a potion of mutation
 d - a potion of degeneration {unknown}
 h - a potion of brilliance
 l - a potion of flight {unknown}
 n - 2 potions of curing {unknown}
 o - 2 potions of berserk rage {unknown}
Comestibles
 c - 2 rations


   Skills:
 - Level 1.0 Fighting
 - Level 2.0 Dodging
 - Level 3.0 Unarmed Combat
 - Level 2.0 Spellcasting
 + Level 4.6 Transmutations


You had one spell level left.
You knew the following spells:

 Your Spells              Type           Power        Failure   Level  Hunger
a - Beastly Appendage     Tmut           ####..       1%          1    #......
b - Sticks to Snakes      Tmut           ####....     1%          2    ##.....
c - Spider Form           Tmut/Pois      ###.......   2%          3    ###....

Your spell library contained the following spells:

 Spells                   Type           Power        Failure   Level  Hunger
 Ice Form                 Ice/Tmut       ###.....     7%          4    #####..
 Blade Hands              Tmut           ####......   7%          5    ######.


Dungeon Overview and Level Annotations

Branches:
Dungeon (3/15)

Altars:
Elyvilon


Innate Abilities, Weirdness & Mutations

You cannot wear most types of armour.
You are very stealthy in the water. (Stealth+)
You are amphibious.
You can wear up to eight rings at the same time.
You can use your tentacles to constrict eight enemies at once.
Your skin changes colour to match your surroundings (Stealth+).
Your rubbery body absorbs attacks. (AC +1, EV +1)
You possess an exceptional clarity of mind.
You are clumsy. (Dex -2)
You expend magic power (3 MP) to strengthen your wands.


Message History

All of the chunks of flesh in your inventory have rotted away.
You hit the orc.
The orc is poisoned.
The orc is almost dead.
The orc hits you with a whip.
* * * LOW HITPOINT WARNING * * *
You hit the orc but do no damage.
The orc looks even sicker.
The orc is almost dead.
Your transformation has ended.
The orc closely misses you. The orc completely misses you.
You kill the orc!
It was a potion of brilliance.
You feel clever all of a sudden. The orc closely misses you.
It was a potion of mutation.
You feel extremely strange.
You feel clumsy.
You feel your magical essence link to your wands.
Your thoughts seem clearer.
The orc hits you with a dagger.
You die...

#o.o..# ..###.....#
...........##
..######)#..###
#..........#
#....#.#.#.#
#.)..+...# #
#.o..##..#.# #@...#
..#.# #....# #.#.#
#....###...#
#......#...#
#......#...#
#......#...#
#.......'...#
+.......#..>#
#...#...#..########


You could see an orc.

Vanquished Creatures
  An orc wizard (D:3)
  An ooze (D:1)
  2 worms (D:2)
  3 dart slugs
  2 leopard geckos
  An orc (D:3)
  5 bats
  A giant cockroach (D:2)
  2 goblins (D:2)
  4 hobgoblins
  4 jackals (D:1)
  5 kobolds
  A ball python (D:3)
  7 frilled lizards
  3 rats (D:2)
42 creatures vanquished.

Notes
Turn   | Place    | Note
-------+----------+-------------------------------------------
     0 | D:1      | torrenera the Octopode Transmuter began the quest for the
                  | Orb.
     0 | D:1      | Reached XP level 1. HP: 13/13 MP: 3/3
   176 | D:1      | Reached XP level 2. HP: 15/18 MP: 5/5
   247 | D:1      | Reached skill level 3 in Transmutations
   636 | D:1      | Reached XP level 3. HP: 20/23 MP: 6/6
  1229 | D:2      | Learned a level 2 spell: Sticks to Snakes
  1233 | D:2      | Learned a level 3 spell: Spider Form
  1237 | D:2      | Found a white marble altar of Elyvilon.
  1567 | D:2      | Reached skill level 4 in Transmutations
  1830 | D:2      | Reached XP level 4. HP: 26/28 MP: 7/7
  2062 | D:3      | HP: 1/28 [orc/whip (5)]
  2069 | D:3      | Gained mutation: You are clumsy. (Dex -2) [potion of
                  | mutation]
  2069 | D:3      | Gained mutation: You expend magic power (3 MP) to
                  | strengthen your wands. [potion of mutation]
  2069 | D:3      | Gained mutation: You possess an exceptional clarity of
                  | mind. [potion of mutation]
  2069 | D:3      | Slain by an orc

Vault maps used:
D:1:      kennysheep_arrival_forest
D:2:      elyvilon_altar_5
D:3:      first_ration

Skill      XL: |  1  2  3 |
---------------+----------+-----
Transmutations | 3 4 |  4.6
Fighting       | |  1.0
Dodging        | |  2.0
Unarmed Combat | |  3.0
Spellcasting   | |  2.0

Action                   |  1- 3 |  4- 6 || total
-------------------------+-------+-------++-------
Melee: Unarmed           |    89 |    15 ||   104
       Constrict         |    25 |     1 ||    26
       Tentacles         |    12 |       ||    12
       Kick              |     1 |       ||     1
       Punch             |     2 |       ||     2
 Cast: Beastly Appendage |     1 |       ||     1
       Spider Form       |       |     1 ||     1
  Use: Potion            |       |     2 ||     2
 Stab: Sleeping          |    11 |       ||    11
  Eat: Chunk             |     3 |       ||     3
Armor: Skin              |    11 |     1 ||    12
Dodge: Dodged            |    42 |    10 ||    52

Table legend:
 A = Non-vault XP
 B = Vault XP
 C = Vault XP percentage of total XP
 D = Non-vault monster count
 E = Vault monster count
 F = Vault count percentage of total count
                 A         B        C        D         E       F
            +---------+---------+-------+---------+---------+-------
      Total |     127 |       0 |   0.0 |      42 |       0 |   0.0
            +---------+---------+-------+---------+---------+-------
        D:1 |      45 |       0 |   0.0 |      20 |       0 |   0.0
        D:2 |      38 |       0 |   0.0 |      19 |       0 |   0.0
        D:3 |      44 |       0 |   0.0 |       3 |       0 |   0.0
            +---------+---------+-------+---------+---------+-------
